Construct Infanterie Kompanie
Construct Panzergrenadier Kompanie
Panzergrenadier Officer Quarters
Pak 40 Anti-tank Gun Team
Selects Mechanized Battlegroup
Selects Mechanized Battlegroup
Selects Mobile Repair Stations
Pak 40 Anti-tank Gun Team
Construct Panzer Kompanie
Selects StuG Assault Group
Selects UNKNOWN (2160084)
Selects Wespe Self-propelled Artillery
Wespe Self-propelled Artillery
Selects Zeroing Artillery Barrage
Zeroing Artillery Barrage
Construct Luftwaffe Kompanie
Zeroing Artillery Barrage
Infanterie Officer Quarters
Zeroing Artillery Barrage
Zeroing Artillery Barrage